[Event "Chinese League Div-A Rapid 2022"]
[Site "Fuling,Chongqing"]
[Date "2022.09.06"]
[Round "1.1"]
[White "Lou, Yiping"]
[Black "Lu, Shanglei"]
[Result "1/2-1/2"]
[ECO "A34"]
[WhiteElo "2485"]
[BlackElo "2616"]
[Annotator "TA"]
[PlyCount "40"]
[EventDate "2022.09.07"]
[EventType "team-tourn"]
[EventCountry "CHN"]
[SourceTitle "playchess.com"]
[Source "ChessBase"]
[SourceQuality "1"]
[TimeControl "1500+10"]

1. c4 Nf6 2. Nc3 e6 3. e4 c5 4. Nf3 Nc6 5. Be2 Qb6 6. O-O {[%emt 0:00:25] A34: Symmetrical English: 2 Nc3, lines with ...d5.} Be7 7. Re1 d6 8. Bf1 O-O 9. b3 Bd7 {[%emt 0:02:19] [#]} 10. h3 $146 ({Predecessor:} 10. d3 a6 11. Bb2 Rad8 12. Qd2 Qa7 13. h3 h6 14. Rad1 Nh7 15. Ne2 e5 16. Nc3 {1-0 (76) Johansson,L (2425)-Andre,G (2254) Warsaw 2016}) 10... Nd4 11. d3 Bc6 12. Nxd4 cxd4 {[%emt 0:01:30] [#]} 13. Nd5 Nxd5 (13... Bxd5 14. exd5) 14. exd5 Bd7 15. dxe6 fxe6 16. g3 Qc5 17. Qg4 Rad8 18. Bg2 (18. Rxe6 $2 Rf6 19. Rxe7 (19. Bh6 $2 Rxh6 20. Rxe7 Bxg4 $19) 19... Bxg4 20. hxg4 d5 $19) 18... e5 19. Qe2 b5 (19... Qc8 $5 ) 20. Be4 Bf5 {[%emt 0:01:09] An even fight not without its subleties.  Weighted Error Value: White=0.09 (flawless) /Black=0.09 (flawless)} 1/2-1/2

[Event "Chinese League Div-A Rapid 2022"]
[Site "Fuling,Chongqing"]
[Date "2022.09.06"]
[Round "1.2"]
[White "Xu, Yi"]
[Black "Ding, Liren"]
[Result "0-1"]
[ECO "C47"]
[WhiteElo "2507"]
[BlackElo "2808"]
[Annotator "TA"]
[PlyCount "136"]
[EventDate "2022.09.07"]
[EventType "team-tourn"]
[EventCountry "CHN"]
[SourceTitle "playchess.com"]
[Source "ChessBase"]
[SourceQuality "1"]
[TimeControl "1500+10"]

1. e4 e5 2. Nf3 Nc6 3. Nc3 Nf6 4. d4 exd4 5. Nxd4 Bb4 6. Nxc6 bxc6 7. Bd3 d5 8. exd5 O-O 9. O-O cxd5 10. Bg5 c6 11. Qf3 Bd6 {[%emt 0:00:15] 11...h6 is the modern continuation.} 12. Rae1 a5 $5 {[%emt 0:02:23][%mdl 4] [#] Leaves trodden paths. C47: Scotch Four Knights and Four Knights with 4 g3.} 13. Ne2 $146 ({Predecessor:} 13. h3 h6 14. Bxf6 Qxf6 15. Qxf6 gxf6 16. Ne2 a4 17. Ng3 Be5 18. c3 Ba6 19. Bxa6 Rxa6 20. f4 {½-½ (58) Petrov,V (2353)-Aleksandrov,A (2568) Skopje 2017}) 13... Bg4 14. Bxf6 {[%emt 0:00:33] Bxh7+ is the strong threat.} (14. Qe3 {with more complications.} Re8 15. Qd4 Be5 16. Bxf6 Bxd4 17. Bxd8 Bxe2 18. Rxe2 Raxd8 19. Rxe8+ Rxe8 20. b3) 14... Bxf3 {[%emt 0:00:01] The position is equal.} 15. Bxd8 {[%emt 0:00:02] Strongly threatening Bg5.} Bxe2 16. Rxe2 {[%emt 0:00:03] Black must now prevent Bg5.} Rfxd8 17. a4 g6 18. g3 Rab8 19. b3 $1 Kg7 20. Kg2 h5 21. h4 Bb4 22. Rd1 Re8 23. Rxe8 Rxe8 $11 {[%emt 0:00:00][%mdl 4096] Endgame KRB-KRB} 24. Rf1 Kf6 25. f4 Bc5 26. Rf3 Rg8 27. Rf1 Ke7 28. Re1+ Kd6 29. Kf3 Bb4 30. Re2 Bc3 31. Re3 Bf6 32. Ke2 Kc5 (32... Bd4 $5 33. Rf3 f5 $15) 33. Kd2 Kb4 34. Bf1 Ka3 35. Kc1 Bd4 36. Rd3 Bb2+ 37. Kd2 Bf6 38. Re3 Kb2 39. Bd3 (39. b4 $5) 39... Rd8 40. Kd1 Rb8 41. Re2 $1 Rb4 42. Re8 c5 43. Rc8 Bd4 44. Ke2 Rb6 45. Rd8 Re6+ 46. Kf1 Re3 47. Rxd5 (47. f5 $11) 47... Rxg3 $17 48. f5 {[%emt 0:00:07] [#]} g5 $1 49. hxg5 Rxg5 {[%emt 0:00:02] And now ...h4 would win.} 50. Rd7 Kc3 (50... Kc1 $1 $15 {is superior.} 51. Ke2 (51. Rxf7 $2 {gets mated.} Kd2) 51... Rg3) 51. Ke2 $11 f6 52. Rh7 $1 Rg2+ 53. Kf3 Rh2 54. Rh6 Kd2 55. Rh8 Ke1 56. Re8+ Be5 57. Ke4 h4 58. Rh8 h3 59. Ke3 (59. Kd5 $11) 59... Bd4+ (59... Kd1 $17 60. Rh4 Rh1) 60. Kf3 (60. Ke4 $15) 60... Rf2+ $17 61. Kg3 $2 {[%emt 0:00:16][%mdl 8192] Now White is beyond hope.} (61. Ke4 $17 h2 62. Kd5) 61... Be5+ $19 {[%emt 0:00:03] Black is clearly winning.} 62. Kg4 h2 63. Rh3 Rg2+ (63... Rf4+ $142 64. Kh5 {[#]} Rf3 $3 ) 64. Kh5 Rg3 65. Rh4 {[%emt 0:00:13] [#]} Rxd3 $1 66. cxd3 Kf2 (66... Kf1 $142 67. Kg6 Kg2) 67. d4 cxd4 {[%emt 0:00:04][%cal Bc5d4,Bd4d3][%mdl 32] ( -> ...d3)} 68. b4 d3 {[%emt 0:00:03] Weighted Error Value: White=0.14 (very precise) /Black=0.10 (very precise)} 0-1

[Event "Chinese League Div-A Rapid 2022"]
[Site "Fuling,Chongqing"]
[Date "2022.09.06"]
[Round "1.3"]
[White "Ni, Hua"]
[Black "Chen, Yuan"]
[Result "0-1"]
[ECO "E18"]
[WhiteElo "2668"]
[BlackElo "2138"]
[Annotator "TA"]
[PlyCount "114"]
[EventDate "2022.09.07"]
[EventType "team-tourn"]
[EventCountry "CHN"]
[SourceTitle "playchess.com"]
[Source "ChessBase"]
[SourceQuality "1"]
[TimeControl "1500+10"]

1. d4 Nf6 2. c4 e6 3. g3 d5 4. Bg2 Be7 5. Nf3 O-O 6. O-O b6 7. cxd5 exd5 8. Nc3 Bb7 9. Bf4 Na6 10. Ne5 c5 11. e3 {[%emt 0:04:59] [#] E18: Queen's Indian: Old Main Line (4 g3 Bb7 5 Bg2 Be7 6 0-0 0-0 7 Nc3).} Qe8 $146 (11... Ne4 $5 ) ({Predecessor:} 11... Ne4 12. h4 cxd4 13. exd4 Nc7 14. Qb3 Ne6 15. Be3 Nxc3 16. bxc3 Nc7 17. a4 f6 18. Nd3 Ba6 {1-0 (64) Eljanov,P (2671)-Korpa,B (2536) Biel 2021}) 12. Qc2 Rd8 13. Rad1 {[%emt 0:00:02] White is slightly better.} Bd6 14. a3 Nc7 15. Rfe1 Qe7 16. Qa4 Ne6 {[%emt 0:04:28] Against Bg5} 17. Qxa7 (17. Nf3 $11) 17... g5 $1 $15 18. Bxg5 Nxg5 19. Qxb6 Qc7 {[%emt 0:02:20] Prevents Nc6.} 20. Qxc7 Bxc7 21. Rc1 (21. Nb5 $5 Bb8 22. f4 $11) 21... cxd4 22. exd4 Bb6 23. Red1 Ne6 $36 {[%emt 0:00:07][%mdl 2048] Black is in control.} 24. Ne2 Rc8 25. Nf3 (25. Nc4 $142 Nxd4 26. Nxd4 Rxc4 27. Rxc4 dxc4 28. Bxb7) 25... Ne4 $17 26. Nc3 Nxc3 {[%emt 0:01:16] Black is more active.} 27. bxc3 {[%emt 0:00:05] [#]} Ba5 $1 28. Nh4 Rxc3 29. Nf5 Rd8 30. Rb1 Ba8 31. Rb5 Rxa3 32. Bxd5 Nc7 33. Rb3 Rxb3 ({Worse is} 33... Bxd5 34. Ne7+ Kf8 35. Rxa3 $11) 34. Bxb3 Kf8 35. Nh6 (35. d5 $142) 35... Bd5 36. Bxd5 Rxd5 37. Ng4 Kg7 38. Ne3 Rd7 39. Rc1 Bd2 40. Rc2 Bxe3 41. fxe3 {[%emt 0:00:01][%mdl 4096] Endgame KRN-KR} Re7 {[%emt 0:00:08] And now ...Nd5 would win.} 42. Kf2 Nd5 43. Re2 f5 44. Kf3 Re4 45. h3 h5 {[%emt 0:00:14] Against g4} 46. Re1 Kf6 47. Re2 Kg5 48. Re1 Nf6 (48... Kh6 $19 {and Black stays clearly on top.} 49. Re2 Kg5) 49. Ra1 Nd5 (49... h4 $17 {White must now prevent ...hxg3.} 50. gxh4+ Rxh4 51. Rg1+ Kh6) 50. Ra6 $2 (50. Re1 $11) 50... Rxe3+ $19 51. Kf2 h4 52. gxh4+ Kf4 53. h5 Rxh3 54. h6 Ne3 {[%emt 0:00:15][%cal Oh3h6] [#] ( -> ...Rxh6!)} 55. d5 Nxd5 56. Rg6 Ne3 57. Ke2 Ng4 {[%emt 0:00:04] Weighted Error Value: White=0.49/Black=0.10 (very precise)} 0-1

[Event "Chinese League Div-A Rapid 2022"]
[Site "Fuling,Chongqing"]
[Date "2022.09.06"]
[Round "1.4"]
[White "Bai, Xue"]
[Black "Ju, Wenjun"]
[Result "0-1"]
[ECO "B33"]
[WhiteElo "2123"]
[BlackElo "2560"]
[Annotator "TA"]
[PlyCount "88"]
[EventDate "2022.09.07"]
[EventType "team-tourn"]
[EventCountry "CHN"]
[SourceTitle "playchess.com"]
[Source "ChessBase"]
[SourceQuality "1"]
[TimeControl "1500+10"]

1. e4 c5 2. Nf3 Nc6 3. d4 cxd4 4. Nxd4 Nf6 5. Nc3 e5 6. Ndb5 d6 7. Bg5 a6 8. Na3 b5 9. Nd5 Be7 10. Bxf6 Bxf6 11. c3 Bg5 12. Nc2 Rb8 13. a4 bxa4 14. Ncb4 Nxb4 15. Nxb4 Bd7 {[%emt 0:00:36] Prevents Nc6. Hoping for ...a5. B33: Sicilian: Pelikan and Sveshnikov Variations.} 16. Qxd6 (16. Bxa6 $11 {keeps the balance.} O-O 17. O-O) 16... Be7 $1 $17 {[%emt 0:02:42] This bishop pair is nice.} 17. Qxe5 O-O {[%emt 0:00:07] [#] Threatens to win with ...Rxb4. Black is slightly better.} 18. Be2 $146 (18. Nd5 $15 Re8 19. Bd3 (19. Bxa6 Bc5 $17) (19. Nxe7+ Rxe7 20. Qd4 Rxb2 $15)) ({Predecessor:} 18. Bxa6 Re8 19. Qd5 Bxb4 20. cxb4 Qb6 21. O-O Bc6 22. Qa5 Qxb4 23. Qxb4 Rxb4 24. Rfc1 Bxe4 25. Rc4 Rxc4 26. Bxc4 Bc6 27. b3 axb3 {½-½ (27) Shirov,A (2726)-Kramnik,V (2751) ICC INT 1999}) 18... Re8 19. Qd4 Bxb4 20. cxb4 Bb5 $36 {[%emt 0:00:01][%mdl 2048] Black has the initiative.} 21. Qxd8 Rbxd8 22. f3 Rd4 23. Bxb5 axb5 $15 {[%emt 0:00:01][%mdl 4096] Endgame KRR-KRR} 24. b3 axb3 25. Rb1 Rxb4 {[%emt 0:01:24] Black is more active.} 26. O-O {[%emt 0:01:53] [#] This costs White the game.} (26. Kd2 $17) 26... Rc8 $1 $19 ({Inferior is} 26... b2 27. Rf2 $11) 27. Rb2 (27. Rfe1 $142) 27... Rc2 28. Rfb1 Rxb2 29. Rxb2 {[%emt 0:00:00] KR-KR} Kf8 30. Kf2 Ke7 {[%emt 0:00:00] ...Kd6 is the strong threat.} 31. Ke3 Kd6 {[%emt 0:00:02] Strongly threatening ...Kc5.} 32. Kd3 Kc5 {[%emt 0:00:33] White must now prevent ...Rd4+.} 33. Kc3 (33. Rb1) 33... g5 34. Rxb3 Rxb3+ {[%emt 0:00:01] Black mates.} 35. Kxb3 {[%emt 0:00:01] KP-KP} Kd4 36. Kb4 {[%emt 0:00:15] [#]} Ke3 $1 37. Kxb5 Kf2 38. Kc4 Kxg2 39. Kd5 Kxf3 40. Ke5 g4 41. Kf5 h5 42. Kg5 Kxe4 43. Kxh5 f5 44. Kh4 Kf4 {[%emt 0:00:14] Weighted Error Value: White=0.57/Black=0.03 (flawless)} 0-1

[Event "Chinese League Div-A Rapid 2022"]
[Site "Fuling,Chongqing"]
[Date "2022.09.06"]
[Round "1.5"]
[White "Zhu, Jiner"]
[Black "Ning, Kaiyu"]
[Result "0-1"]
[ECO "D11"]
[WhiteElo "2464"]
[BlackElo "2374"]
[Annotator "TA"]
[PlyCount "82"]
[EventDate "2022.09.07"]
[EventType "team-tourn"]
[EventCountry "CHN"]
[SourceTitle "playchess.com"]
[Source "ChessBase"]
[SourceQuality "1"]
[TimeControl "1500+10"]

1. Nf3 d5 2. g3 Bg4 3. Bg2 Nd7 4. d4 c6 5. O-O Ngf6 6. c4 e6 7. b3 Be7 {[%emt 0:00:12] D11: Slav Defence: 3 Nf3 sidelines and 3...Nf6 4 e3 Bg4.} 8. Nc3 O-O 9. h3 Bh5 {[%emt 0:01:25] The position is equal.} 10. Bb2 h6 11. Rc1 a5 {[%emt 0:00:03] [#]} 12. Ne5 $146 ({Predecessor:} 12. Re1 Bg6 13. e3 Ne4 14. Nxe4 Bxe4 15. cxd5 cxd5 16. Ne5 Bh7 17. Qe2 Nxe5 18. dxe5 Qb6 19. Bd4 Qb4 20. Bc3 Qb6 21. Bd4 Qb4 22. Bc3 Qb6 {½-½ (22) Tomic,G (2232)-Stamenkovic,A (2172) Niksic 2018}) 12... Nxe5 13. dxe5 Nd7 14. cxd5 cxd5 15. Nb5 a4 16. g4 Bg6 17. Nd6 (17. bxa4 $11 {keeps the balance.} Nc5 18. f4) 17... Qb8 (17... axb3 $17 18. Qxb3 {[#]} Nxe5 $1 19. Nxb7 Qb8) 18. f4 $1 $11 Bxd6 19. exd6 Qxd6 20. f5 Bh7 21. e4 (21. Qd4 $5 Nf6 22. e4 $14) 21... axb3 22. axb3 Ra2 23. Rf2 Re8 24. Qd4 f6 25. fxe6 Qxe6 26. exd5 Qd6 27. Qc4 Nb6 (27... Kh8 $11) 28. Qd4 (28. Qb5 $1 $14 Bg6 29. Bd4) 28... Bg6 29. Bf3 (29. h4 $11) 29... Nd7 {[%emt 0:00:16] Black is more active.} (29... Bf7 $17 {Black wants to play ...Qg3+.} 30. Rg2 Bxd5) 30. Qc4 $2 {[%emt 0:00:12][%mdl 8192] [#]} (30. Bg2 $1 $11 {and White has nothing to worry.}) 30... Rxb2 $1 31. Rxb2 $17 Ne5 32. Qc3 Qb6+ {[%emt 0:00:17][%mdl 1024] Black has strong compensation.} 33. Rf2 Nd3 $36 {[%emt 0:00:03][%mdl 2112] Pin, Double Attack. Black has strong initiative.} 34. Rcf1 (34. Qd2 $17) 34... Re3 $19 35. Qc8+ Kh7 {[%emt 0:00:01] aiming for ...Rxf3.} 36. Kg2 Nf4+ ({Not} 36... Nxf2 $2 37. Rxf2 Qxb3 38. d6 $19) 37. Kh1 Nxh3 {[%emt 0:00:06] Black is clearly winning.} 38. Rg2 (38. Qc4 $142 Nxf2+ 39. Rxf2) 38... Qxb3 {[%emt 0:00:10] ( -> ...Ng5)} 39. Rg3 Ng5 40. Kg2 Nxf3 41. Rfxf3 Be4 {[%emt 0:00:07] Weighted Error Value: White=0.83/Black=0.23 (precise)} (41... Qb2+ $142 42. Kh3 Re2) 0-1

[Event "Chinese League Div-A Rapid 2022"]
[Site "Fuling,Chongqing"]
[Date "2022.09.06"]
[Round "1.6"]
[White "Xu, Xiangyu"]
[Black "Wei, Yi"]
[Result "1/2-1/2"]
[ECO "D41"]
[WhiteElo "2571"]
[BlackElo "2727"]
[Annotator "TA"]
[PlyCount "78"]
[EventDate "2022.09.07"]
[EventType "team-tourn"]
[EventCountry "CHN"]
[SourceTitle "playchess.com"]
[Source "ChessBase"]
[SourceQuality "1"]
[TimeControl "1500+10"]

1. d4 Nf6 2. Nf3 d5 3. c4 e6 4. Nc3 c5 5. cxd5 cxd4 6. Qxd4 exd5 7. e4 {[%emt 0:00:09] D41: Queen's Gambit Declined: Semi-Tarrasch with 5 cxd5.} dxe4 8. Qxd8+ Kxd8 9. Ng5 {[%emt 0:00:07][%csl LRe4,LRf7] White has an edge.} Be6 10. Nxe6+ fxe6 11. Bg5 Nc6 {[%emt 0:00:19] 11...h6 is the modern continuation.} 12. Bc4 Ke7 13. Nxe4 Kf7 14. Bxf6 gxf6 15. O-O-O Rd8 ({Resist} 15... Ne5 16. Bb3 $16) 16. Rxd8 Nxd8 17. Rd1 Be7 18. Rd7 f5 19. Nd6+ Kf6 20. Nxb7 Nxb7 21. Rxb7 $14 {[%emt 0:00:04][%mdl 4096] Endgame KRB-KRB} Bc5 22. Rc7 Bxf2 23. Rc6 Re8 24. b4 Rb8 (24... Re7 $11) 25. Rxe6+ Kg5 {[%emt 0:00:03] [#] Strongly threatening ...Rc8.} 26. b5 $1 Rc8 27. Rc6 Rxc6 28. bxc6 {[%emt 0:00:04] c7 is the strong threat. KB-KB} Bb6 {[%emt 0:00:03] [#]} 29. h3 $146 ({Predecessor:} 29. Kc2 Bc7 30. Kb3 f4 31. Ba6 Kf6 32. Kc4 h6 33. Kd5 Ke7 34. a4 Kf6 35. h3 {½-½ (46) Ding,L (2799)-Wei,Y (2729) Hangzhou 2022}) 29... f4 30. Bd5 h6 31. Kc2 Kf5 32. Bf3 Ke5 33. Be2 a5 34. Bf3 Bc7 35. Kd3 Bb6 36. Be2 (36. Kc4 $16) 36... Kd5 37. Bf3+ (37. Bd1 $14 {should be considered.}) 37... Ke5 $1 $16 38. Be2 (38. Kc4 $16) 38... Kd5 $14 39. Bf3+ (39. Bd1 $14) 39... Ke5 $1 {[%emt 0:00:16] Weighted Error Value: White=0.12 (very precise) /Black=0.08 (flawless)} 1/2-1/2

[Event "Chinese League Div-A Rapid 2022"]
[Site "Fuling,Chongqing"]
[Date "2022.09.06"]
[Round "1.7"]
[White "Li, Di"]
[Black "Lin, Chen"]
[Result "1-0"]
[ECO "E95"]
[WhiteElo "2575"]
[BlackElo "2485"]
[Annotator "TA"]
[PlyCount "135"]
[EventDate "2022.09.07"]
[EventType "team-tourn"]
[EventCountry "CHN"]
[SourceTitle "playchess.com"]
[Source "ChessBase"]
[SourceQuality "1"]
[TimeControl "1500+10"]

1. c4 Nf6 2. Nc3 g6 3. d4 Bg7 4. e4 O-O 5. Nf3 d6 6. Be2 e5 7. O-O Nbd7 8. Re1 c6 {[%emt 0:00:31] 8...Re8 might become the main line.} 9. d5 c5 {[%emt 0:00:14] E95: King's Indian: Classical: 7...Nbd7 8 Re1.} (9... Nc5 $14) 10. Bg5 $16 h6 11. Bd2 {[%emt 0:00:22] [#]} a6 $146 {[%emt 0:00:22] White is better.} ({Predecessor:} 11... Nh7 12. b3 Ndf6 13. Qc1 h5 14. g3 Ne8 15. Nh4 Bf6 16. Ng2 Ng5 17. Rf1 Nh3+ {1-0 (38) Radovanovic,N (2413)-Damljanovic,B (2464) Arandjelovac 2022}) 12. Bd3 Ne8 13. Qc1 Kh7 14. g3 Ndf6 15. Rb1 a5 16. Nh4 Bh3 17. a3 Nc7 18. Qc2 b6 19. Qd1 Bg4 20. f3 Bd7 21. Qe2 a4 22. b4 axb3 23. Rxb3 Ra6 24. Reb1 Na8 25. Ng2 Re8 26. Bc2 Qe7 27. g4 Rb8 28. h4 Qd8 29. Ne3 h5 (29... Kg8 $142) 30. g5 Ng8 {[%emt 0:00:31] [#]} (30... Ne8 $142 31. Nf5 Bf8) 31. Nf5 $1 $18 Bf8 {[%emt 0:05:19] [#]} 32. f4 $1 Qe8 {[%emt 0:00:05] [#]} (32... Nc7 33. Rf1) 33. Nb5 $1 Bxb5 34. cxb5 Ra7 {[%emt 0:00:12] [#]} 35. fxe5 $1 dxe5 36. Ne3 Ne7 37. Rf1 (37. Qh2 $18) 37... Nc8 $16 38. Rf6 {[%emt 0:00:00] 0x0.0024fecdcd7edp-1022s more active pieces. The black rooks are badly placed.} Nd6 {[%emt 0:00:12] [#]} 39. Rxd6 $1 Bxd6 40. Nc4 Bf8 41. Bc3 ({White should play} 41. Rb1 $16) 41... Ra4 $11 42. Rb1 ({Don't play} 42. Bxe5 Rxc4 43. Bxb8 Rxc2 44. Qxc2 Qxb8 $17) 42... Rxc4 43. Qxc4 Nc7 44. a4 Qd7 45. Qe2 c4 (45... Bg7 $1 $11) 46. Kg2 ({Much worse is} 46. Bxe5 Re8 47. Bxc7 Qxc7 $11) 46... Bd6 47. Rf1 Kg8 48. Bd1 Ra8 $2 (48... Rc8 $16 {was necessary.}) 49. Qxc4 $18 Ne8 50. Qd3 Rc8 51. Bb2 Qe7 52. Bb3 Bc5 $2 {[%emt 0:00:23] [#]} (52... Rc5 53. Qe3 Qd7) 53. Qh3 $2 (53. Rxf7 $3 $18 Qxf7 54. d6 Bxd6 55. Bxf7+ Kxf7 56. Bxe5 $1 ) 53... Nd6 $16 54. Rf6 {[%emt 0:00:05][%cal Of6d6] And now Rxd6! would win.} Rc7 $2 {[%emt 0:00:12][%mdl 8192] [#]} (54... Qe8 $16 55. Qf3 Qe7) 55. Qf3 $2 (55. Qg3 $1 $18) 55... Bd4 $1 $11 56. Bxd4 exd4 57. Qf4 Rc3 $1 58. Rxd6 Rxb3 {[%emt 0:00:01][%mdl 4096] Endgame KQR-KQR} 59. e5 {[%emt 0:00:04] Qf6 is the strong threat.} d3 {[%emt 0:00:34][%cal Od3d2] aiming for ...d2!} 60. Kf2 $36 {[%emt 0:00:16][%mdl 2048] Hoping for Qf6. Black is under pressure.} ({Not} 60. Rxb6 $2 d2 61. Qxd2 Qxe5 $19) 60... d2 61. Ke2 Rd3 $2 62. Kd1 $18 {[%emt 0:00:05] Threatens to win with Qf6.} Qc7 63. Rc6 Qd8 64. e6 fxe6 65. dxe6 (65. Qe4 $142 Qf8 66. Qxd3 Qg7 67. dxe6 Qa1+ 68. Kxd2 Qb2+ 69. Ke3 Qe5+ 70. Kf3) 65... Qe8 66. Qf7+ (66. Qc4 $142 Rf3 67. Rc8 Rf1+ 68. Kxd2 Qxc8 69. Qxc8+ Rf8 70. Qd7 Rf2+ 71. Ke3) 66... Qxf7 67. exf7+ {[%emt 0:00:01][%mdl 64] Discovered Attack} Kxf7 68. Rf6+ {[%emt 0:00:02] Weighted Error Value: White=0.38/Black=0.25 (precise)} (68. Rxb6 $142 Ra3 69. Ra6) 1-0

[Event "Chinese League Div-A Rapid 2022"]
[Site "Fuling,Chongqing"]
[Date "2022.09.06"]
[Round "1.8"]
[White "Zhao, Yuanhe"]
[Black "Chen, Qi b"]
[Result "1/2-1/2"]
[ECO "D79"]
[WhiteElo "2440"]
[BlackElo "2485"]
[Annotator "TA"]
[PlyCount "60"]
[EventDate "2022.09.07"]
[EventType "team-tourn"]
[EventCountry "CHN"]
[SourceTitle "playchess.com"]
[Source "ChessBase"]
[SourceQuality "1"]
[TimeControl "1500+10"]

1. d4 Nf6 2. Nf3 g6 3. g3 Bg7 4. Bg2 O-O 5. O-O d5 6. c4 c6 7. cxd5 cxd5 8. Nc3 Ne4 9. Ne5 Nxc3 10. bxc3 Nc6 11. Nxc6 bxc6 12. Qa4 Qb6 13. Ba3 {[%emt 0:00:31] The position is equal.} (13. e4 {is interesting.} Qa6 14. Qb4 dxe4 15. Bxe4 e5 16. dxe5 Bxe5 17. Qc5) 13... Qa6 {[%emt 0:00:26] D79: Fianchetto Grünfeld: Symmetrical Variation (6 0-0 c6 7 cxd5 cxd5).} 14. Qxa6 Bxa6 15. Rfe1 Rfe8 16. Bf1 {[%emt 0:00:03] is the legacy move (16.e3).} Bf8 17. e3 Bxf1 18. Kxf1 e6 19. Bxf8 Kxf8 $11 {[%emt 0:00:04][%mdl 4096] Endgame KRR-KRR} 20. Rab1 Rab8 21. Ke2 Ke7 22. Kd3 Rb6 23. Rb3 Reb8 24. Reb1 Kd6 25. c4 {[%emt 0:00:25] [#] Black must now prevent c5+.} c5 26. cxd5 Rxb3+ 27. axb3 Kxd5 28. dxc5 Kxc5 29. Kc3 a5 {[%emt 0:01:29] [#] An uneventful encounter.  Weighted Error Value: White=0.00 (flawless) /Black=0.00 (flawless)} {Predecessor:} 30. Rd1 $146 Kc6 {½-½ (30) Petrosian,T (2615)-Swiercz,D (2638) Saint Louis 2017} 1/2-1/2

[Event "Chinese League Div-A Rapid 2022"]
[Site "Fuling,Chongqing"]
[Date "2022.09.06"]
[Round "1.9"]
[White "Guo, Qi"]
[Black "Chu, Ruotong"]
[Result "1-0"]
[ECO "D27"]
[WhiteElo "2406"]
[BlackElo "2185"]
[Annotator "TA"]
[PlyCount "121"]
[EventDate "2022.09.07"]
[EventType "team-tourn"]
[EventCountry "CHN"]
[SourceTitle "playchess.com"]
[Source "ChessBase"]
[SourceQuality "1"]
[TimeControl "1500+10"]

1. d4 d5 2. c4 dxc4 3. Nf3 Nf6 4. e3 e6 5. Bxc4 a6 6. O-O c5 7. Bd3 Nc6 8. Nc3 Be7 9. dxc5 Bxc5 10. a3 O-O 11. b4 {[%emt 0:00:03] D27: Queen's Gambit Accepted: Classical main line: 7 e4!? and 7 a4.} Ba7 12. Bb2 e5 {[%emt 0:00:37] [#]} 13. Ne4 $146 {[%emt 0:05:13] Threatening Qc2. White is slightly better.} ({Predecessor:} 13. h3 h6 14. Rc1 Qe7 15. Ne4 Bf5 16. Nxf6+ Qxf6 17. b5 axb5 18. Bxb5 Rfd8 19. Qe2 {½-½ (31) Lalith,B (2529)-Guliyev,N (2545) Paris 2018}) 13... Bf5 14. Qb1 {[%emt 0:02:17] [#] Black must now prevent Nxf6+.} Nxe4 15. Bxe4 Bxe4 16. Qxe4 f6 17. a4 Qb6 {[%emt 0:01:54] Inhibits b5.} 18. Bc3 {[%emt 0:03:00] White is more active.} (18. Qc4+ $14 Kh8 19. Ba3) 18... Ne7 19. Rfb1 Qc6 20. Qxc6 bxc6 21. Be1 Rab8 22. Nd2 Bb6 23. Nc4 Bc7 24. Rc1 Kf7 25. Rab1 Ke6 26. Kf1 Rb7 27. Nd2 Rfb8 28. Nb3 {[%emt 0:01:54] [#] aiming for Nc5+.} Bd6 29. Na5 Rb6 30. Nc4 R6b7 31. Nxd6 Kxd6 32. Rd1+ (32. Rc5 $16) 32... Ke6 $11 33. Rbc1 Rd7 34. Rxd7 Kxd7 {[%emt 0:00:02][%mdl 4096] Endgame KRB-KRN} 35. e4 Nc8 36. Rd1+ Kc7 37. Ke2 Nb6 38. Ra1 Kb7 39. Bc3 Rd8 40. g3 Rd7 41. f4 Nc4 42. Rf1 Nb6 43. a5 Nc4 (43... Na4 $11 44. Ba1 exf4) 44. fxe5 $16 Nxe5 (44... fxe5 $16 {was called for.} 45. Rf8 Re7) 45. Bxe5 $18 fxe5 $16 {[%emt 0:00:04] KR-KR} 46. Rf5 Rd4 $2 {[%emt 0:00:22] Loses the game.} (46... Kc8 $16) 47. Rxe5 $18 Rxb4 48. Re7+ Kc8 49. Ke3 ({Less strong is} 49. Rxg7 Rxe4+ 50. Kf3 Ra4 $16) 49... g5 50. Rxh7 Rb5 $2 (50... c5 51. Rh5 Rb3+ 52. Kd2 Kc7 53. Rxg5 Kd6) 51. h4 gxh4 52. gxh4 Rxa5 53. h5 {[%emt 0:00:03] Strongly threatening Kf4.} Ra1 54. h6 {[%emt 0:00:01] Intending Ra7 and mate.} Rh1 55. Kf4 {[%emt 0:00:53] And now Rh8+ would win.} a5 56. Kg5 Rg1+ 57. Kf6 (57. Kf5 $142 {White wants to mate with Ra7.} Rf1+ 58. Kg5 Rg1+ 59. Kf4 Rf1+ 60. Kg3) 57... Rf1+ 58. Ke6 {[%emt 0:00:11] Threatening mate with Ra7.} Kb8 {[%emt 0:00:31] Against Ra7} (58... Rh1 $18 59. Kd6 a4) 59. Rg7 {[%emt 0:00:03] White mates.} Rh1 60. h7 a4 61. Rg8+ {[%emt 0:00:02] Weighted Error Value: White=0.17 (very precise) /Black=0.41} 1-0

[Event "Chinese League Div-A Rapid 2022"]
[Site "Fuling,Chongqing"]
[Date "2022.09.06"]
[Round "1.10"]
[White "Yuan, Ye"]
[Black "Ren, Xiaoyi"]
[Result "1/2-1/2"]
[ECO "D43"]
[WhiteElo "2108"]
[BlackElo "2250"]
[Annotator "RC"]
[PlyCount "67"]
[EventDate "2022.09.07"]
[EventType "team-tourn"]
[EventCountry "CHN"]
[SourceTitle "playchess.com"]
[Source "ChessBase"]
[SourceQuality "1"]
[TimeControl "1500+10"]

1. d4 d5 2. c4 e6 3. Nc3 c6 4. Nf3 Nf6 5. Bg5 h6 6. Bh4 dxc4 7. e4 g5 8. Bg3 b5 9. Be2 Bb7 10. h4 g4 11. Ne5 Nbd7 12. Nxd7 Qxd7 13. Be5 Qe7 14. O-O Rg8 15. b3 Bg7 16. Qc2 Nh5 17. Bxg7 Rxg7 18. g3 Qd6 19. e5 Qxd4 20. Ne4 Kf8 21. Rad1 Qxe5 22. Rfe1 c5 23. Bxc4 bxc4 24. Nd6 Qf6 25. Nxb7 Qf3 26. Qd2 Qxb7 27. Qxh6 Nxg3 28. fxg3 Qf3 29. Qh8+ Ke7 30. Qxg7 Qxg3+ 31. Kh1 Qh3+ 32. Kg1 Qg3+ 33. Kh1 Qh3+ 34. Kg1 1/2-1/2